 Dungeon Crawl Stone Soup version 0.31.0-9-g3a7656b989 (webtiles) character file.

Game seed: 8632148416193608667

93 qw the Shooter (level 4, -2/25 HPs)
             Began as a Deep Elf Hunter on Feb 3, 2024.
             Killed by nerve-wracking pain
             ... invoked by Grinder
              (12 damage)
             ... on level 3 of the Dungeon.
             The game lasted 00:00:06 (1956 turns).

qw the Shooter (Deep Elf Hunter)                    Turns: 1956, Time: 00:00:06

Health: -2/25      AC:  7    Str: 10    XL:     4   Next: 37%
Magic:  6/6        EV: 11    Int: 14    God:
Gold:   71         SH:  0    Dex: 18    Spells: 3/3 levels left

rFire   . . .        a - +1 shortbow
rCold   . . .        (shield currently unavailable)
rNeg    . . .        d - +0 ring mail
rPois   .            (no helmet)
rElec   .            c - +1 cloak
rCorr   .            (no gloves)
SInv    .            (no boots)
Will    .....        (no amulet)
Stlth   +            (no ring)
HPRegen 0.24/turn    (no ring)
MPRegen 0.10/turn

%: no passive effects
@: hasted, very quick
A: no striking features
a: no special abilities


You were on level 3 of the Dungeon.
You visited 1 branch of the dungeon, and saw 3 of its levels.

You collected 71 gold pieces.


   Skills:
 - Level 1.5 Fighting
 + Level 7.8 Ranged Weapons
 - Level 2.4 Dodging
 - Level 1.2 Stealth


You had 3 spell levels left.
You didn't know any spells.
Your spell library was empty.

Inventory:

Hand Weapons
 a - a +1 shortbow (weapon)
Armour
 c - a +1 cloak (worn)
 d - a +0 ring mail (worn)
Scrolls
 f - a scroll of teleportation
Potions
 g - 2 potions of heal wounds
 i - a potion of curing

Dungeon Overview and Level Annotations

Branches:
Dungeon (3/15)

Altars:

Annotations:
D:3 Grinder


Message History

Grinder says, "I used to sell toenails on the black market."
1940 ||| DRINKING potion of haste.
You feel yourself speed up.
You shoot an arrow. The arrow hits Grinder.
Grinder is lightly wounded.
Grinder gestures at you. Pain shoots through your body!
1942 ||| FLEEEEING.
1943 ||| FLEEEEING.
1944 ||| FLEEEEING.
1945 ||| FLEEEEING.
Grinder blinks!
You shoot an arrow. The arrow hits Grinder!
Grinder is moderately wounded.
You shoot an arrow. The arrow barely misses Grinder.
Grinder gestures at you. You resist with significant effort.
You shoot an arrow. The arrow hits Grinder!
Grinder is heavily wounded.
You start resting.
Grinder is nearby!
You shoot an arrow. The arrow hits Grinder.
Grinder is heavily wounded.
You shoot an arrow. The arrow hits Grinder.
Grinder is severely wounded.
Grinder says, "You look like you could use a good racking."
Grinder hits you.
You writhe in agony.
You shoot an arrow.
The arrow hits Grinder but does no damage.
Grinder is severely wounded.
Grinder hits you but does no damage.
You shoot an arrow. The arrow closely misses Grinder.
Grinder closely misses you.
You shoot an arrow. The arrow barely misses Grinder.
You shoot an arrow. The arrow barely misses Grinder.
Grinder hits you but does no damage.
You shoot an arrow. The arrow barely misses Grinder.
Grinder gestures at you. Pain shoots through your body!
You die...
Grinder sighs, "Dead already?
I want a refund."

#.......#
#.......
#......#
#......+
###......######.
...............#
#...........#
#(5....!....#
###@#.#########
#<..#.# ###.#.#
#.#.# #.#.#
###.# ..#


You could see Grinder.

Vanquished Creatures
  Terence (D:2)
  3 adders (D:2)
  4 dart slugs (D:1)
  2 bats (D:2)
  2 endoplasms
  3 hobgoblins
  4 kobolds
  2 quokkas
  5 ball pythons
  A frilled lizard (D:2)
  3 goblins (D:1)
  4 rats
34 creatures vanquished.

Notes
Turn   | Place    | Note
-------+----------+-------------------------------------------
     0 | D:1      | qw the Deep Elf Hunter began the quest for the Orb.
     0 | D:1      | Reached XP level 1. HP: 12/12 MP: 3/3
     0 | D:1      | 0 ||| qw: Version: 0.3-a-155-g5e7d8dd
     0 | D:1      | 0 ||| qw: Game counter: 2947
     0 | D:1      | 0 ||| qw: Melee chars always use a shield: true
     0 | D:1      | 0 ||| qw: God list: Okawaru
     0 | D:1      | 0 ||| qw: Allow faded altars: false
     0 | D:1      | 0 ||| qw: Do Orc after clearing Dungeon:15 true
     0 | D:1      | 0 ||| qw: Do second Lair branch before Depths: true
     0 | D:1      | 0 ||| qw: Lair rune preference: random
     0 | D:1      | 0 ||| qw: Goals: Normal
     0 | D:1      | 0 ||| PLANNING D:1-11
   164 | D:1      | Reached skill level 6 in Ranged Weapons
   164 | D:1      | Reached XP level 2. HP: 16/16 MP: 4/4
   945 | D:1      | 945 ||| UPGRADING to +0 ring mail.
   955 | D:1      | 955 ||| DROPPING +0 leather armour.
   956 | D:1      | 956 ||| READING scroll labelled QIKISHOGEK.
   957 | D:1      | 957 ||| READING scroll labelled TAKKUG TICKE.
   962 | D:1      | 962 ||| READING scroll labelled VOESOU FAMAEHA.
   962 | D:1      | 962 ||| IDENTIFYING sapphire potion
   963 | D:1      | 963 ||| DROPPING scroll of butterflies.
  1126 | D:2      | Noticed Terence
  1132 | D:2      | Killed Terence
  1133 | D:2      | Reached skill level 7 in Ranged Weapons
  1133 | D:2      | Reached XP level 3. HP: 14/20 MP: 5/5
  1297 | D:2      | Reached XP level 4. HP: 25/25 MP: 6/6
  1781 | D:2      | 1781 ||| UPGRADING to +1 cloak.
  1786 | D:2      | 1786 ||| READING 3 scrolls of identify.
  1786 | D:2      | 1786 ||| IDENTIFYING coppery potion
  1787 | D:2      | 1787 ||| READING 2 scrolls of identify.
  1787 | D:2      | 1787 ||| IDENTIFYING red potion
  1788 | D:2      | 1788 ||| READING scroll of identify.
  1788 | D:2      | 1788 ||| IDENTIFYING scroll labelled TEOKIF BUASKO
  1789 | D:2      | 1789 ||| READING scroll of enchant weapon.
  1789 | D:2      | 1789 ||| ENCHANTING +0 shortbow.
  1790 | D:2      | 1790 ||| READING 4 scrolls labelled RERROHOISA.
  1791 | D:2      | 1791 ||| READING 3 scrolls labelled BUPAEMOGGEI.
  1892 | D:2      | 1892 ||| DROPPING 3 scrolls of blinking.
  1893 | D:2      | 1893 ||| DROPPING 2 scrolls of vulnerability.
  1939 | D:3      | Noticed Grinder
  1940 | D:3      | 1940 ||| DRINKING potion of haste.
  1942 | D:3      | 1942 ||| FLEEEEING.
  1943 | D:3      | 1943 ||| FLEEEEING.
  1944 | D:3      | 1944 ||| FLEEEEING.
  1945 | D:3      | 1945 ||| FLEEEEING.
  1956 | D:3      | Killed from afar by Grinder

Levels and vault maps discovered:
D:1:      roderic_crop_circles_arrival_small, layout_loops_corners,
          item_on_display_a
D:2:      layout_loops_ring, chequers_serial_rivers_micro_e, chequers_garden,
          serial_bayou_lagoon_b, uniq_terence
D:3:      layout_basic, elyvilon_altar_4, uniq_grinder

Skill      XL: |  1  2 |
---------------+-------+-----
Ranged Weapons | 6 7 |  7.8
Fighting       | |  1.5
Dodging        | |  2.4
Stealth        | |  1.2

Action                     |  1- 3 |  4- 6 || total
---------------------------+-------+-------++-------
   Fire: Shortbow          |    69 |    31 ||   100
    Use: Scroll            |     3 |     6 ||     9
         Potion            |       |     1 ||     1
 Armour: Leather armour    |     3 |       ||     3
         Ring mail         |     8 |     3 ||    11
  Dodge: Dodged            |    14 |     4 ||    18

Table legend:
 A = Non-vault XP
 B = Vault XP
 C = Vault XP percentage of total XP
 D = Non-vault monster count
 E = Vault monster count
 F = Vault count percentage of total count
                 A         B        C        D         E       F
            +---------+---------+-------+---------+---------+-------
      Total |      98 |      36 |  26.9 |      33 |       1 |   2.9
            +---------+---------+-------+---------+---------+-------
        D:1 |      34 |       0 |   0.0 |      15 |       0 |   0.0
        D:2 |      61 |      36 |  37.1 |      16 |       1 |   5.9
        D:3 |       3 |       0 |   0.0 |       2 |       0 |   0.0
            +---------+---------+-------+---------+---------+-------
